 Dungeon Crawl Stone Soup version 0.15.2 (console) character file.

90 Ge0ff the Cutter (level 4, -4/30 HPs)
             Began as a Halfling Gladiator on Dec 6, 2022.
             Slain by a gnoll
             ... wielding a +0 halberd
              (6 damage)
             ... on Level 1 of the Dungeon.
             The game lasted 00:08:37 (2635 turns).

Ge0ff the Cutter (Halfling Gladiator)               Turns: 2635, Time: 00:08:37

HP  -4/30        AC  7     Str 16      XL: 4   Next: 85%
MP   4/4         EV 12     Int  4      God:
Gold 90          SH  0     Dex 14      Spells:  0 memorised,  3 levels left

rFire  . . .     SeeInvis .     a - +0 cutlass
rCold  . . .     Clarity  .     B - +1 ring mail {MR+}
rNeg   . . .     rCorr    .     (no shield)
rPois  .         rRot     .     c - +0 helmet
rElec  .         Spirit   .     (no cloak)
SustAb .         Warding  .     (no gloves)
rMut   .         Stasis   .     (no boots)
Gourm  .                        x - cursed amulet of inaccuracy
MR     +....                    (no ring)
                                k - cursed -3 ring of intelligence

@: somewhat resistant to hostile enchantments, very unstealthy
A: mutation resistance 1
a: no special abilities


You were on level 1 of the Dungeon.
You were not hungry.

You visited 1 branch of the dungeon, and saw 2 of its levels.

You collected 90 gold pieces.

Inventory:

Hand weapons
 a - a +0 cutlass (weapon)
Missiles
 d - 2 throwing nets (quivered)
 i - 60 sling bullets
 q - 50 stones
Armour
 b - a +0 leather armour
 c - a +0 helmet (worn)
 s - a +0 chain mail
 z - a +0 plate armour
 B - a +1 ring mail of magic resistance (worn)
Comestibles
 t - 2 meat rations
Scrolls
 y - a scroll of random uselessness
 G - a scroll of recharging
Jewellery
 k - a cursed -3 ring of intelligence (left hand)
 p - an uncursed ring of ice
 x - a cursed amulet of inaccuracy (around neck)
Potions
 r - a potion of restore abilities


   Skills:
 * Level 2.9 Fighting
 - Level 4.0 Short Blades
 - Level 2.6 Throwing
 + Level 2.5 Armour
 - Level 3.2 Dodging
 - Level 2.0 Stealth


You had 3 spell levels left.
You didn't know any spells.

Dungeon Overview and Level Annotations

Branches:
Dungeon (2/15)

Altars:


Innate Abilities, Weirdness & Mutations

You are small and have problems with some larger weapons.
You are somewhat resistant to further mutation.


Message History

You miss the gnoll.
The gnoll is moderately wounded.
The gnoll hits you with a halberd.
* * * LOW HITPOINT WARNING * * *
You miss the gnoll.
The gnoll is moderately wounded.
The gnoll closely misses you.
You closely miss the gnoll.
The gnoll is moderately wounded.
You hit the gnoll but do no damage.
The gnoll is moderately wounded.
The gnoll hits you with a halberd!
* * * LOW HITPOINT WARNING * * *
You barely miss the gnoll.
The gnoll is moderately wounded.
The gnoll hits you but does no damage.
You closely miss the gnoll.
The gnoll is moderately wounded.
The gnoll hits you with a halberd.
You die...

#.# #.#.###### #.#
#)#.# #.. #.###
#.#.####.. #...#
#########......%..
###.#
#.........#.####..
#.# #.#######.#.#
#.. #.# #.# #...#
### #.# #g# #..##
# #.# #@# #..# #
#.# #)# ##.# # #.#
#.# #.# #
#.#####.########.#
#
#................#
#
###.....########.#
###
#.############.#
#..
#..............#
#.#
##..##############
#.#


You could see a gnoll.

Vanquished Creatures
  3 adders (D:2)
  2 gnolls (D:1)
  A worm (D:2)
  5 bats
  3 giant cockroaches
  3 goblins
  6 hobgoblins (D:1)
  6 kobolds
  A ball python (D:2)
  A giant newt (D:2)
  9 rats
40 creatures vanquished.

Notes
Turn   | Place    | Note
--------------------------------------------------------------
     0 | D:1      | Ge0ff, the Halfling Gladiator, began the quest for the Orb.
     0 | D:1      | Reached XP level 1. HP: 14/14 MP: 1/1
   144 | D:1      | Reached skill level 1 in Stealth
   144 | D:1      | Reached XP level 2. HP: 19/19 MP: 2/2
   291 | D:1      | Reached skill level 1 in Armour
  1208 | D:2      | Reached XP level 3. HP: 22/24 MP: 3/3
  1838 | D:2      | Reached XP level 4. HP: 24/30 MP: 4/4
  2633 | D:1      | HP: 1/30 [gnoll/halberd (7)]
  2635 | D:1      | Slain by a gnoll

Action                   |  1- 3 |  4- 6 || total
-------------------------+-------+-------++-------
Melee: Cutlass           |   121 |    85 ||   206
Throw: Throwing net      |       |     1 ||     1
  Use: Scroll            |     5 |     1 ||     6
       Potion            |     2 |     1 ||     3
 Stab: Sleeping          |     1 |       ||     1
       Held in net/web   |       |     1 ||     1
  Eat: Bread ration      |     1 |       ||     1
       Chunk             |     1 |       ||     1

Vault maps used:
D:1:      elethiomel_arrival_infinity_welcomes_careful_drivers
D:2:      led_sif_pool, serial_forest, infiniplex_forest_clump_double,
          infiniplex_forest_lined_4_way, infiniplex_forest_clump_C,
          infiniplex_forest_clump_curved, infiniplex_forest_clump_double,
          minmay_distorted
